 Dungeon Crawl Stone Soup version 0.30-a0-159-g068b764562 (webtiles) character file.

Game seed: 1786084971781511713

503 Somlia the Ruffian (level 6, -2/54 (59) HPs)
             Began as a Troll Gladiator on Sept 23, 2022.
             Was an Initiate of the Shining One.
             Slain by a necrophage (5 damage)
             ... on level 4 of the Dungeon on Sept 27, 2022.
             The game lasted 00:18:33 (3461 turns).

Somlia the Ruffian (Troll Gladiator)                Turns: 3461, Time: 00:18:33

HP:   -2/54 (59)    AC:  4    Str: 25    XL:     6   Next: 96%
MP:   5/5           EV: 10    Int:  4    God:    the Shining One [......]
Gold: 263           SH:  0    Dex: 11    Spells: 5/5 levels left

rFire   . . .      SeeInvis .      - Unarmed
rCold   . . .      Faith    .    (no shield)
rNeg    . . .      Spirit   .    a - +0 robe
rPois   .          Reflect  .    b - +0 hat
rElec   .          Harm     .    (no cloak)
rCorr   .          Rampage  .    (gloves unavailable)
Will    .....                    (boots unavailable)
Stlth   +.........               q - amulet of the acrobat {Butt}
HPRegen 0.98/turn                (no ring)
MPRegen 0.09/turn                (no ring)

@: glowing, drained
A: large, unfitting armour, claws 3, regeneration 1, shaggy fur 1, tough skin 1
a: Renounce Religion


You were on level 4 of the Dungeon.
You worshipped the Shining One.
The Shining One was noncommittal.
You visited 1 branch of the dungeon, and saw 5 of its levels.

You collected 263 gold pieces.

Inventory:

Missiles
 c - 3 throwing nets (quivered)
 d - a large rock
Armour
 a - a +0 robe (worn)
 b - a +0 hat (worn)
Jewellery
 q - an amulet of the acrobat (around neck) {Butt}
Scrolls
 h - 3 scrolls of identify
 i - 2 scrolls of enchant armour {unknown}
 k - 2 scrolls of brand weapon
 l - 2 scrolls of blinking
 m - a scroll of vulnerability {unknown}
 o - a scroll of poison {unknown}
 p - 2 scrolls of amnesia {unknown}
 r - 2 scrolls of magic mapping {unknown}
 t - 2 scrolls of butterflies {unknown}
 u - a scroll of immolation {unknown}
 w - 2 scrolls of fear {unknown}
 x - a scroll of teleportation {unknown}
Potions
 e - 2 potions of curing {unknown}
 f - a potion of magic {unknown}
 g - a potion of resistance {unknown}
 j - 4 potions of brilliance {unknown}
 n - a potion of heal wounds {unknown}
 s - a potion of mutation {unknown}
 v - a potion of cancellation {unknown}


   Skills:
 + Level 2.4 Fighting
 + Level 2.0 Throwing
 + Level 3.5 Dodging
 + Level 0.7 Stealth
 + Level 6.6 Unarmed Combat


You had 5 spell levels left.
You didn't know any spells.
Your spell library contained the following spells:

 Spells                   Type           Power      Damage    Failure   Level
 Gell's Gravitas          Tloc           0%         N/A       86%         3
 Lesser Beckoning         Tloc           0%         N/A       86%         3
 Teleport Other           Tloc           0%         N/A       86%         3


Dungeon Overview and Level Annotations

Branches:
Dungeon (5/15)
 Temple: D:4-7

Altars:
Sif Muna
Uskayaw
The Shining One


Innate Abilities, Weirdness & Mutations

You are too large for most types of armour.
You have claws for hands.
Your natural rate of healing is unusually fast.
You are covered in fur. (AC +1)
You have tough skin. (AC +1)


Message History

The hound completely misses you. The orc attacks as you move away!
The orc completely misses you. The hound bites you.
The white imp grins evilly.
The white imp gestures at you. The puff of frost misses you.
The hound bites you but does no damage. The orc completely misses you.
There is a stone staircase leading up here.
You claw the hound!
You kill the hound!
The orc closely misses you.
You scratch the orc but do no damage. You claw the orc!
You kill the orc!
The iguana bites you but does no damage.
The white imp grinds its teeth.
You claw the necrophage!
The necrophage is severely damaged.
The iguana closely misses you. The necrophage hits you.
You feel drained.
You barely miss the necrophage.
The necrophage is severely damaged.
The iguana bites you! x2; The necrophage hits you.
You feel drained.
You barely miss the necrophage.
The necrophage is severely damaged.
The iguana barely misses you. The iguana bites you!
* * * LOW HITPOINT WARNING * * *
The necrophage hits you.
* * * LOW HITPOINT WARNING * * *
You feel drained.
* * * LOW HITPOINT WARNING * * *
The iguana bites you.
* * * LOW HITPOINT WARNING * * *
The iguana closely misses you. The necrophage hits you.
* * * LOW HITPOINT WARNING * * *
You feel drained.
* * * LOW HITPOINT WARNING * * *
You climb upwards.
There is a stone staircase leading down here.
The necrophage attacks as you move away!
The necrophage hits you.
You die...

.##......##....# #####.....##
.##......##....# ###...........
.'.......##....#####....##.....##
.##......####..##....#.#########
.##......# #..##....#.#
.##......# #...#....#.#
)##......# #.#.#.####.#
.##......# #.#l#l####.# ####
.##......# #.#.@n.....# #...
###......####.########## #.##
..............# #.#
##.###################### #.# #.#
#................# #.# #†#
#.##############.# #.# #.# #.#
#.# #.# #.# #.# #.# #.# #.# #.#
#.# #.#


You could see a necrophage and 2 iguanas.

Vanquished Creatures
  3 scorpions
  3 hounds
  An iguana (D:4)
  An orc wizard (D:4)
  Terence (D:2)
  3 adders
  3 gnolls
  A worm (D:4)
  2 dart slugs
  10 orcs
  5 ball pythons
  6 bats
  14 endoplasms
  3 giant cockroaches
  9 goblins
  4 hobgoblins
  2 jackals (D:4)
  6 kobolds
  3 quokkas
  9 frilled lizards
  4 rats
93 creatures vanquished.

Vanquished Creatures (others)
  A fungus (D:3)
1 creature vanquished.

Grand Total: 94 creatures vanquished

Notes
Turn   | Place    | Note
-------+----------+-------------------------------------------
     0 | D:1      | Somlia the Troll Gladiator began the quest for the Orb.
     0 | D:1      | Reached XP level 1. HP: 19/19 MP: 0/0
   227 | D:1      | Reached XP level 2. HP: 27/27 MP: 1/1
   927 | D:2      | Found a faded altar of an unknown god.
   936 | D:2      | Prayed at the altar of an unknown god.
   936 | D:2      | Became a worshipper of Uskayaw the Reveller
   936 | D:2      | Reached * piety under Uskayaw
   967 | D:2      | Reached ** piety under Uskayaw
   968 | D:2      | Reached XP level 3. HP: 35/35 MP: 2/2
  1094 | D:2      | Reached *** piety under Uskayaw
  1277 | D:2      | Noticed Terence
  1281 | D:2      | Killed Terence
  1282 | D:2      | Reached skill level 4 in Unarmed Combat
  1282 | D:2      | Reached XP level 4. HP: 42/42 MP: 3/3
  1637 | D:2      | Fell from the grace of Uskayaw
  1725 | D:3      | Noticed a scorpion
  1730 | D:3      | Killed a scorpion
  1731 | D:3      | Reached XP level 5. HP: 37/49 MP: 4/4
  2055 | D:3      | Reached skill level 5 in Unarmed Combat
  2081 | D:3      | Found a shimmering blue altar of Sif Muna.
  2164 | D:3      | Found a glowing golden altar of the Shining One.
  2170 | D:3      | Became a worshipper of the Shining One
  2384 | D:4      | Reached XP level 6. HP: 48/57 MP: 5/5
  2544 | D:4      | Reached skill level 6 in Unarmed Combat
  2665 | D:4      | Upgraded the game from 0.30-a0-137-gd8773701ce to
                  | 0.30-a0-159-g068b764562
  3437 | D:5      | Entered Level 5 of the Dungeon
  3459 | D:5      | HP: 2/55 [necrophage (4)]
  3461 | D:4      | Slain by a necrophage

Illustrated notes

Levels and vault maps discovered:
D:1:      grunt_arrival_lava_bath, layout_basic, minmay_misc_feat_diagonals,
          minmay_lizard_pond
D:2:      layout_loops_ring, dreamdust_ecumenical_altar_statues,
          kennysheep_path_1, grunt_ministairs_1, minmay_split_cup_small,
          uniq_terence
D:3:      layout_rooms, lemuel_crystal_altar, mainiacjoe_overflow_tiny_flanked,
          minmay_tree_intersection
D:4:      layout_basic
D:5:      layout_rooms, gammafunk_ghost_necromancy

Skill      XL: |  1  2  3  4  5  6 |
---------------+-------------------+-----
Throwing       | 2 |  2.0
Dodging        | 3 |  3.5
Unarmed Combat | 4 5 6 |  6.6
Fighting       | 2 |  2.4
Stealth        | |  0.7

Action                   |  1- 3 |  4- 6 || total
-------------------------+-------+-------++-------
Melee: Unarmed           |    99 |   145 ||   244
       Punch             |     1 |     3 ||     4
Throw: Throwing net      |       |     1 ||     1
Invok: Renounce Religion |       |     1 ||     1
  Use: Scroll            |       |     2 ||     2
Armor: Robe              |    43 |    43 ||    86
Dodge: Dodged            |    67 |   106 ||   173

Table legend: (Time is in decaauts)
 A = Elapsed time spent in this place.
 B = Non-inter-level travel time spent in this place.
 C = Inter-level travel time spent in this place.
 D = Time resting spent in this place.
 E = Time spent auto-exploring this place.
 F = Levels seen in this place.
 G = Mean time per level.
                   A        B        C        D        E       F      G
               +--------+--------+--------+--------+--------+-----+--------+
         Total |   3452 |   3452 |      0 |    131 |   1349 |   5 |  690.4 |
       Dungeon |   3452 |   3452 |      0 |    131 |   1349 |   5 |  690.4 |
               +--------+--------+--------+--------+--------+-----+--------+

Top non-repeatable levels by time:
     D:4: 1114 daAuts
     D:2: 910 daAuts
     D:1: 851 daAuts
     D:3: 553 daAuts
     D:5: 22 daAuts
